 Dungeon Crawl Stone Soup version 0.29-a0-234-g0dae59b3db (webtiles) character file.

Game seed: 10763929729150476040

147217 GraveyardiganJr the Brawler (level 16, -4/126 HPs)
             Began as a Troll Chaos Knight on Feb 28, 2022.
             Was a Plaything of Xom.
             Slain by an alligator snapping turtle (34 damage)
             ... on level 4 of the Shoals on Mar 3, 2022.
             The game lasted 05:34:17 (23718 turns).

GraveyardiganJr the Brawler (Troll Chaos Knight)   Turns: 23718, Time: 05:34:19

Health: -4/126     AC: 28    Str: 22      XL:     16   Next: 91%
Magic:  20/20      EV: 12    Int:  8      God:    Xom [..*...]
Gold:   1037       SH: 17    Dex: 14 (15) Spells: 18/22 levels left

rFire   + + .      SeeInvis .     - Unarmed
rCold   + + +      Faith    .   c - +2 shield of Resistance {rF++ rC++ Will++}
rNeg    . . .      Spirit   .   O - +2 shadow dragon scales
rPois   .          Reflect  +   (helmet restricted)
rElec   .          Harm     .   I - +0 cloak
rCorr   .          Rampage  .   (gloves unavailable)
Will    ++++.      Clarity  +   (boots unavailable)
Stlth   +++....... Rnd*Tele +   D - amulet of reflection
HPRegen 1.11/turn               M - +4 ring of protection
MPRegen 0.17/turn               e - +4 ring of evasion

@: hasted, studying Throwing, unable to read, slow
A: large, unfitting armour, claws 3, regeneration 1, shaggy fur 1, tough skin 1,
iridescent scales 3, clarity, cold resistance 1, deterioration 1, frail 2,
strong-willed 1, teleportitis 1, weak 1, wild magic 2, inability to read while
threatened
a: Renounce Religion


You were on level 4 of the Shoals.
You worshipped Xom.
You were a toy of Xom.
You visited 5 branches of the dungeon, and saw 27 of its levels.
You also visited: Bailey and Ice Cave.

You collected 5961 gold pieces.
You spent 4924 gold pieces at shops.

Inventory:

Hand Weapons
 b - a +5 falchion of flaming
Missiles
 j - 33 boomerangs
 n - 5 javelins
 w - 9 throwing nets
 z - 17 large rocks (quivered)
 A - 40 poisoned darts
 B - 13 curare-tipped darts
Armour
 c - the +2 shield of Resistance (worn) {rF++ rC++ Will++}
   (You found it on level 9 of the Dungeon)

   rF:        It greatly protects you from fire.
   rC:        It greatly protects you from cold.
   Will:      It greatly increases your willpower.
 I - a +0 cloak (worn)
 O - +2 shadow dragon scales (worn)
Jewellery
 e - a +4 ring of evasion (right claw)
 D - an amulet of reflection (around neck)
 M - a +4 ring of protection (left claw)
Wands
 m - a wand of mindburst (5)
 p - a wand of acid (2)
 y - a wand of flame (26)
 L - a wand of paralysis (4)
 Q - a wand of iceblast (5)
 W - a wand of charming (11)
Scrolls
 d - 6 scrolls of vulnerability
 h - 14 scrolls of teleportation
 k - a scroll of enchant armour
 l - 4 scrolls of blinking
 q - a scroll of summoning
 t - 4 scrolls of fog
 J - 4 scrolls of immolation
 R - 2 scrolls of identify
 S - 3 scrolls of silence
Potions
 f - 2 potions of resistance
 g - 3 potions of curing
 i - 2 potions of brilliance
 r - 3 potions of cancellation
 s - 3 potions of heal wounds
 u - a potion of haste
 G - 2 potions of lignification
 H - a potion of ambrosia
 N - a potion of flight
Miscellaneous
 a - a lightning rod (2/4)
 o - a phial of floods
 T - a condenser vane


   Skills:
 * Level 9.9 Fighting
 - Level 1.1(6.3) Slings
 * Level 12.8 Throwing
 * Level 7.1 Armour
 + Level 8.6 Dodging
 + Level 1.5 Stealth
 + Level 9.0 Shields
 + Level 18.1 Unarmed Combat
 + Level 3.8 Spellcasting
 + Level 0.3 Translocations
 + Level 4.3 Transmutations
 * Level 4.5 Evocations


You had 18 spell levels left.
You knew the following spells:

 Your Spells              Type           Power      Damage    Failure   Level
a - Apportation           Tloc           6%         N/A       99%         1
w - Wereblood             Tmut           13%        N/A       83%         2
z - Animate Skeleton      Necr           4%         N/A       99%         1

Your spell library contained the following spells:

 Spells                   Type           Power      Damage    Failure   Level
 Sting                    Tmut/Pois      32%        1d4       94%         1
 Summon Small Mammal      Summ           8%         N/A       99%         1
 Blink                    Tloc           6%         N/A       100%        2
 Poisonous Vapours        Pois/Air       4%         N/A       100%        2
 Scorch                   Fire           4%         2d5       100%        2
 Sublimation of Blood     Necr           2%         N/A       100%        2
 Lesser Beckoning         Tloc           3%         N/A       100%        3
 Tukima's Dance           Hex            2%         N/A       100%        3
 Animate Armour           Summ/Erth      4%         N/A       100%        4
 Flame Wave               Conj/Fire      2%         2d4       100%        4
 Olgreb's Toxic Radiance  Pois           2%         N/A       100%        4
 Passage of Golubria      Tloc           3%         N/A       100%        4
 Petrify                  Tmut/Erth      8%         N/A       100%        4
 Blade Hands              Tmut           6%         N/A       100%        5
 Freezing Cloud           Conj/Ice/Air   1%         6-21      100%        5
 Manifold Assault         Tloc           3%         N/A       100%        5
 Metabolic Englaciation   Hex/Ice        1%         N/A       100%        5
 Yara's Violent Unravell  Hex/Tmut       4%         3d4       100%        5
 Iron Shot                Conj/Erth      1%         9d1       100%        6
 Simulacrum               Ice/Necr       1%         N/A       100%        6
 Statue Form              Tmut/Erth      5%         N/A       100%        6
 Summon Cactus Giant      Summ           1%         N/A       100%        6
 Summon Hydra             Summ           1%         N/A       100%        7
 Polar Vortex             Ice            1%         N/A       100%        9


Dungeon Overview and Level Annotations

Branches:
Dungeon (14/15)            Temple (1/1) D:5            Lair (6/6) D:10
 Shoals (4/4) Lair:4        Snake (0/4) Lair:3        Slime (0/5) Lair:6
    Orc (2/2) D:10            Elf (0/3) Orc:2        Vaults (0/5) D:14
 Bailey (visited)           IceCv (visited)

Altars:
Ashenzari
Cheibriados
Dithmenos
Elyvilon
Fedhas
Gozag
Hepliaklqana
Kikubaaqudgha
Makhleb
Nemelex Xobeh
Okawaru
Qazlal
Ru
Sif Muna
Trog
Uskayaw
Vehumet
Wu Jian
Xom
Yredelemnul
Zin
The Shining One
Beogh

Shops:
D:1 (::?   D:8 (   Orc:2 ?[[[(   Shoals:2 :   Shoals:3 *   Shoals:4 [

Annotations:
Lair:6 2 transporters, Qiur's ghost, journeyman DECj
Shoals:4 Nikola; Polyphemus


Innate Abilities, Weirdness & Mutations

You are too large for most types of armour.
You have claws for hands.
Your natural rate of healing is unusually fast.
You are covered in fur. (AC +1)
You have tough skin. (AC +1)
You are completely covered in iridescent scales. (AC +6)
You possess an exceptional clarity of mind.
Your flesh is cold resistant. (rC+)
Your body sometimes deteriorates upon taking damage.
You are very frail. (-20% HP)
You are strong-willed. (Will+)
You are occasionally teleported next to monsters.
You are weak. (Str -2)
Your spells are harder to cast, but more powerful.
You sometimes lose the ability to read scrolls when taking damage.


Message History

The merfolk avatar chants a haunting song.
You are unaffected.
The alligator snapping turtle hisses angrily.
You claw the merfolk aquamancer!
The merfolk aquamancer is moderately wounded.
You block the merfolk aquamancer's attack.
You miss the merfolk aquamancer.
The merfolk aquamancer is moderately wounded.
The merfolk barely misses you.
The merfolk avatar chants a haunting song.
You are unaffected.
The merfolk aquamancer barely misses you.
You closely miss the merfolk aquamancer.
The merfolk aquamancer is moderately wounded.
You block the merfolk's attack.
You mangle the merfolk aquamancer!!
The merfolk aquamancer is heavily wounded.
You block the merfolk aquamancer's attack.
The merfolk hits you but does no damage.
You closely miss the merfolk aquamancer.
The merfolk aquamancer is heavily wounded.
You block the merfolk aquamancer's attack.
You closely miss the merfolk aquamancer.
The merfolk aquamancer is heavily wounded.
You block the merfolk aquamancer's attack.
You mangle the merfolk aquamancer!!
The merfolk aquamancer is almost dead.
The alligator snapping turtle bites you from afar!!
* * * LOW HITPOINT WARNING * * *
You block the merfolk's attack.
Unknown command.
You feel yourself speed up.
Xom's power touches on a nearby monster.
The alligator snapping turtle flickers and vanishes!
Deactivating autopickup; reactivate with Ctrl-A.
You block the merfolk aquamancer's attack.
The merfolk hits you but does no damage.
Something bites you!!
You die...
Xom howls with laughter!

......... ..
...CY.... ### .
.t......# ..# ##
.....m..# ... ≈≈#
. # ..Y.....###.#
#≈# ..#
.........##≈≈).≈ #
.).
........##m{#.#≈≈#
.≈≈
......S≈##≈≈mE≈m≈#
.≈≈ .....≈≈≈# #@#
.≈. ....≈≈≈≈h ###
..≈ ....≈≈≈h≈ .≈≈
...≈≈≈≈≈≈ ≈≈≈
≈≈≈≈≈≈≈≈≈≈ ≈≈≈ ≈≈≈
≈≈≈ ≈≈≈ ≈≈


You could see a merfolk avatar, a merfolk aquamancer, a merfolk and a water
elemental.

Vanquished Creatures
  Gastronok (Lair:1)
  A kraken (Shoals:2)
  A frost giant (IceCv)
  An orc warlord (Orc:2)
  Josephine (Orc:2)
  4 merfolk impalers
  An ice dragon (Lair:6)
  7 hydras
  3 boulder beetles
  Fannar (Lair:1)
  A catoblepas (Lair:6)
  Erolcha (Orc:1)
  2 merfolk avatars
  8 centaur warriors
  15 death yaks
  2 dancing weapons (D:14)
  11 two-headed ogres
  2 death knights (D:14)
  A merfolk aquamancer (Shoals:4)
  3 alligator snapping turtles
  A satyr (Shoals:2)
  5 orc high priests (Orc:2)
  6 skeletal warriors
  A death drake (Orc:2)
  15 sea snakes
  2 phantasmal warriors (D:14)
  2 orc knights (Orc:1)
  A wizard (D:11)
  2 lindwurms (Lair:6)
  8 harpies
  Pikel (D:5)
  A deep elf pyromancer (D:14)
  6 fauns
  6 ugly things
  14 manticores
  6 cyclopes
  A wolf spider (Lair:6)
  2 oklob plants (Lair:5)
  6 merfolk sirens
  5 elephants (Lair:6)
  An ice statue (IceCv)
  6 black mambas
  2 water nymphs
  5 torpor snails (Lair:6)
  A gargoyle (D:12)
  13 cane toads
  2 unseen horrors
  A rime drake (shapeshifter) (Lair:2)
  11 komodo dragons
  8 rime drakes
  A kobold demonologist (D:10)
  3 yaktaurs
  4 trolls
  15 merfolk
  4 tyrant leeches (Lair:6)
  6 hornets (Lair:6)
  A meliai (shapeshifter) (Lair:2)
  7 polar bears
  9 wind drakes
  3 slime creatures
  10 dream sheep
  8 snapping turtles
  24 blink frogs
  A jumping spider (Lair:2)
  A culicivora (shapeshifter) (Lair:2)
  6 wraiths
  10 water elementals
  5 wyverns
  68 yaks
  A fire bat (D:10)
  A vampire (D:13)
  4 basilisks
  10 vampire mosquitoes
  A steam dragon (D:9)
  2 wargs
  An acid dragon (D:9)
  A naga (Lair:3)
  16 water moccasins
  A floating eye (D:11)
  A black bear (D:11)
  31 orc warriors
  3 ice beasts
  2 sky beasts (D:7)
  13 ogres
  20 centaurs
  9 wolves (IceCv)
  A phantom (D:6)
  3 lemures
  15 bullfrogs
  12 kobold brigands
  A necrophage (D:8)
  A scorpion (D:7)
  11 wights
  The ghost of WNRobin the Poker, a weakling MiWn (D:4)
  3 killer bees (D:7)
  4 electric eels
  6 howler monkeys
  The ghost of HeliumTrimp the Caller, a weakling DESu (D:3)
  4 hounds
  2 jellies (Lair:6)
  30 orc priests
  Natasha (thrice) (D:3)
  An iguana (D:5)
  23 orc wizards
  A hell rat (Lair:6)
  11 gnolls (D:5)
  10 adders
  A shadow imp (D:8)
  A white imp (D:8)
  3 worms
  A dart slug (D:4)
  67 orcs
  5 bats
  2 endoplasms
  4 giant cockroaches
  12 goblins
  8 hobgoblins
  12 jackals
  3 quokkas
  8 ball pythons
  10 frilled lizards
  54 kobolds
  7 rats
  A tentacle (Shoals:2)
854 creatures vanquished.

Vanquished Creatures (collateral kills)
  A merfolk avatar (Shoals:2)
  A two-headed ogre (D:8)
  A death yak (IceCv)
  A polar bear (Lair:1)
  A wraith (D:10)
  12 yaks
  2 nagas (Lair:3)
  A water moccasin (Lair:3)
  A black bear (D:5)
  A wolf (IceCv)
  A centaur (D:10)
  An ogre (D:5)
  A scorpion (D:6)
  A wight (D:7)
  2 killer bees (D:7)
  2 orc priests (D:8)
  3 orc wizards
  3 gnolls (D:5)
  5 orcs
  10 kobolds (D:5)
51 creatures vanquished.

Vanquished Creatures (others)
  A rime drake (IceCv)
  2 yaks
  2 orc warriors (Orc:2)
  A centaur (D:12)
  An orc wizard (D:9)
  15 fungi
  71 plants
  13 tentacles (Shoals:2)
  10 withered plants (D:2)
116 creatures vanquished.

Grand Total: 1021 creatures vanquished

Notes
Turn   | Place    | Note
-------+----------+-------------------------------------------
     0 | D:1      | GraveyardiganJr the Troll Chaos Knight began the quest for
                  | the Orb.
     0 | D:1      | Reached XP level 1. HP: 22/22 MP: 0/0
    80 | D:1      | Found Zinn's Weapon Boutique.
    94 | D:1      | XOM: noise
   102 | D:1      | Found Sagacero's Book Shop.
   109 | D:1      | Reached XP level 2. HP: 29/29 MP: 1/1
   147 | D:1      | Found Niacwasti's Book Boutique.
   227 | D:1      | Found Lelasser's Magic Scroll Boutique.
   266 | D:1      | Bought a scroll of identify for 22 gold pieces
   266 | D:1      | Bought a scroll of teleportation for 33 gold pieces
   266 | D:1      | Bought a scroll of identify for 22 gold pieces
   266 | D:1      | Bought a scroll of identify for 22 gold pieces
   275 | D:1      | XOM: 1-stop teleportation journey
   512 | D:1      | Reached XP level 3. HP: 36/36 MP: 2/2
   609 | D:2      | XOM: confuse monster(s)
   614 | D:2      | Reached skill level 4 in Unarmed Combat
   668 | D:2      | XOM: noise
   679 | D:2      | XOM: divination: detect items
   715 | D:2      | Found a faded altar of an unknown god.
   889 | D:2      | Reached XP level 4. HP: 42/44 MP: 3/3
  1055 | D:1      | Bought a scroll of blinking for 82 gold pieces
  1107 | D:2      | XOM is BORED!
  1107 | D:2      | XOM: noise
  1280 | D:2      | XOM: silly message
  1421 | D:3      | Noticed HeliumTrimp's ghost (weakling DESu)
  1421 | D:3      | Found a runed translucent door.
  1444 | D:3      | Killed HeliumTrimp's ghost
  1661 | D:3      | Found a radiant altar of Vehumet.
  1673 | D:3      | Found a white marble altar of Elyvilon.
  1676 | D:3      | Found a glowing silver altar of Zin.
  1676 | D:3      | Found a shimmering blue altar of Sif Muna.
  1682 | D:3      | Noticed Natasha
  1683 | D:3      | Found a broken altar of Ashenzari.
  1687 | D:3      | Killed Natasha
  1688 | D:3      | Reached XP level 5. HP: 52/52 MP: 4/4
  1691 | D:3      | Reached skill level 1 in Throwing
  1693 | D:3      | Reached skill level 5 in Unarmed Combat
  1842 | D:3      | Found a snail-covered altar of Cheibriados.
  1873 | D:3      | Noticed Natasha
  1890 | D:3      | Killed Natasha
  1997 | D:3      | XOM: silly message
  2102 | D:4      | XOM is BORED!
  2102 | D:4      | XOM: silly message
  2141 | D:4      | XOM: noise
  2276 | D:4      | Found a stormy altar of Qazlal.
  2346 | D:4      | XOM: divination: detect creatures
  2513 | D:4      | Found a sparkling altar of Nemelex Xobeh.
  2569 | D:4      | XOM: divination: detect items
  2626 | D:4      | Found a runed translucent door.
  2626 | D:4      | Noticed WNRobin's ghost (weakling MiWn)
  2638 | D:4      | Killed WNRobin's ghost
  2639 | D:4      | Reached XP level 6. HP: 47/59 MP: 5/5
  2653 | D:5      | Entered Level 5 of the Dungeon
  2668 | D:5      | XOM: blink monster(s)
  2679 | D:5      | Noticed Pikel
  2742 | D:5      | Found a staircase to the Ecumenical Temple.
  2752 | D:5      | Killed Pikel
  2753 | D:5      | Reached skill level 6 in Unarmed Combat
  2753 | D:5      | Reached XP level 7. HP: 52/67 MP: 6/6
  2762 | D:5      | Reached skill level 7 in Unarmed Combat
  2893 | D:5      | XOM: polymorph kobold -> gnoll
  2929 | D:5      | XOM: cast spell 'Summon Cactus Giant'
  2930 | Temple   | Entered the Ecumenical Temple
  3133 | D:5      | Reached XP level 8. HP: 68/75 MP: 7/7
  3145 | D:5      | Identified the +6 short sword of Uskayaw's Benevolence
                  | {freeze, rElec rPois MP-9 Dex+5}
  3229 | D:5      | XOM: 2-stop teleportation journey
  3299 | D:5      | Reached skill level 8 in Unarmed Combat
  3989 | D:6      | Reached skill level 9 in Unarmed Combat
  4008 | D:6      | XOM: 5-stop teleportation journey
  4034 | D:6      | XOM: summons friendly crimson imp
  4100 | D:6      | Found a glowing golden altar of the Shining One.
  4130 | D:6      | XOM: polymorph crimson imp -> quasit
  4157 | D:6      | XOM: stat loss: -1 Str (20/21)
  4170 | D:6      | Reached XP level 9. HP: 75/83 MP: 8/8
  4184 | D:6      | XOM: give mutation
  4184 | D:6      | Gained mutation: Your flesh is cold resistant. (rC+) [Xom's
                  | grace]
  4308 | D:6      | XOM: scenery: summon butterflies
  4432 | D:6      | XOM: give mutation
  4432 | D:6      | Gained mutation: Your spells are a little harder to cast,
                  | but a little more powerful. [Xom's grace]
  4607 | D:7      | Reached skill level 10 in Unarmed Combat
  4698 | D:7      | Noticed a troll
  4709 | D:7      | Killed a troll
  4710 | D:7      | Reached skill level 1 in Evocations
  4764 | D:7      | Reached skill level 5 in Dodging
  4895 | D:7      | XOM: potion effect (brilliance)
  4900 | D:7      | XOM: summons friendly hellwing
  5089 | D:7      | Reached skill level 1 in Shields
  5344 | D:7      | Reached skill level 5 in Throwing
  5449 | D:7      | XOM: god gift: potion of lignification
  5646 | D:7      | XOM: cloud trail
  5808 | D:8      | Noticed a two-headed ogre
  5810 | D:8      | XOM: noise
  5825 | D:8      | Killed a two-headed ogre
  5826 | D:8      | Reached skill level 1 in Armour
  5826 | D:8      | Reached skill level 11 in Unarmed Combat
  5826 | D:8      | Reached XP level 10. HP: 91/91 MP: 9/9
  5860 | D:8      | Found a shadowy altar of Dithmenos.
  5861 | D:8      | Found a bloodstained altar of Trog.
  5862 | D:8      | Found an opulent altar of Gozag.
  5863 | D:8      | Found a blossoming altar of Fedhas.
  6022 | D:8      | XOM: summons friendly quasit
  6221 | D:8      | XOM: summons friendly ufetubus
  6451 | D:8      | Found Diocot's Hydra Hut.
  6455 | D:8      | Noticed a five-headed hydra
  6622 | D:8      | XOM: give mutations
  6622 | D:8      | Gained mutation: You are agile. (Dex +2) [Xom's grace]
  6622 | D:8      | Gained mutation: Your mind is acute. (Int +2) [Xom's grace]
  6622 | D:8      | Gained mutation: Your system is resistant to poisons.
                  | (rPois) [Xom's grace]
  6622 | D:8      | Gained mutation: You heal very quickly. [Xom's grace]
  6699 | D:9      | Found a flagged portal.
  6704 | Bailey   | Entered a bailey
  6733 | Bailey   | Reached skill level 1 in Slings
  6804 | Bailey   | XOM is BORED!
  6804 | Bailey   | XOM: draining
  6841 | Bailey   | Found a bloodstained altar of Trog.
  7101 | D:9      | Found the +2 shield of Resistance {rF++ rC++ Will++}
  7154 | D:8      | Bought a +2 falchion of flaming for 261 gold pieces
  7227 | D:9      | Noticed a two-headed ogre
  7356 | D:9      | Killed a two-headed ogre
  7357 | D:9      | Reached skill level 12 in Unarmed Combat
  7564 | D:9      | XOM: destruction
  7880 | D:10     | Entered Level 10 of the Dungeon
  7970 | D:10     | Reached XP level 11. HP: 98/98 MP: 10/10
  7978 | D:10     | Noticed Maurice
  7980 | D:10     | Noticed Maurice
  7980 | D:10     | Maurice changed into Maurice the fire bat
  7986 | D:10     | XOM: cast spell 'Summon Dragon'
  7988 | D:10     | Killed Maurice the fire bat
  8047 | D:10     | Upgraded the game from 0.29-a0-231-g945431f764 to
                  | 0.29-a0-233-g1125b37a9b
  8092 | D:10     | XOM: noise
  8101 | D:10     | You fall into a shaft and drop 1 floor!
  8115 | D:11     | Noticed a wizard
  8125 | D:11     | Killed a wizard
  8135 | D:11     | Noticed Lodul
  8135 | D:11     | Noticed a two-headed ogre
  8135 | D:11     | Noticed a two-headed ogre
  8135 | D:11     | Noticed a two-headed ogre
  8142 | D:11     | Noticed Lodul
  8142 | D:11     | Lodul changed into Lodul the black bear
  8142 | D:11     | XOM: polymorph Lodul -> Lodul the black bear
  8224 | D:10     | Found a staircase to the Lair.
  8247 | D:10     | XOM: confuse monster(s)
  8387 | D:10     | Found a staircase to the Orcish Mines.
  8538 | D:10     | XOM: god gift: scroll of teleportation
  8620 | Lair:1   | Entered Level 1 of the Lair of Beasts
  8657 | Lair:1   | Noticed Gastronok
  8658 | Lair:1   | XOM: potion effect (might)
  8671 | Lair:1   | Killed Gastronok
  8755 | Lair:1   | XOM: polymorph cane toad -> something unseen
  8757 | Lair:1   | Noticed Fannar
  8788 | Lair:1   | XOM: silly message
  8802 | Lair:1   | XOM: silly message
  8805 | Lair:1   | Killed Fannar
  8806 | Lair:1   | Reached skill level 13 in Unarmed Combat
  8880 | Lair:1   | XOM: potion effect (berserk rage)
  8883 | Lair:1   | XOM: potion effect (invisibility)
  8919 | Lair:1   | Reached skill level 5 in Fighting
  8919 | Lair:1   | XOM: potion effect (might)
  8925 | Lair:1   | XOM: stat loss: -1 Str (21/22)
  8943 | Lair:1   | XOM: silly message
  8993 | Lair:1   | Reached XP level 12. HP: 109/111 MP: 11/11
  8993 | Lair:1   | XOM: 9-stop teleportation journey
  9189 | Lair:1   | XOM: silly message
  9199 | Lair:1   | XOM: enchant monster (good)
  9229 | Lair:1   | XOM: polymorph yak -> polar bear
  9231 | Lair:1   | XOM: noise
  9232 | Lair:1   | XOM: enchant monster (good)
  9381 | Lair:1   | XOM: polymorph bullfrog -> ice beast
  9600 | Lair:2   | XOM: polymorph yak -> jumping spider
  9606 | Lair:2   | XOM: enchant monster (bad)
  9617 | Lair:2   | XOM: summons 3 friendly demons
  9755 | Lair:2   | XOM: silly message
 10015 | Lair:2   | XOM: polymorph rime drake -> shapeshifter
 10025 | Lair:2   | XOM: confuse monster(s)
 10048 | Lair:2   | Found a sacrificial altar of Ru.
 10061 | Lair:2   | XOM: fog
 10066 | Lair:2   | XOM: polymorph cane toad -> shapeshifter
 10133 | Lair:2   | XOM: polymorph yak -> shapeshifter
 10385 | Lair:2   | XOM: give mutation
 10385 | Lair:2   | Gained mutation: You have large cloven feet. [Xom's
                  | mischief]
 10482 | Lair:3   | Found a staircase to the Snake Pit.
 10507 | Lair:3   | Reached skill level 14 in Unarmed Combat
 10605 | Lair:3   | XOM: torment (58/114 hp)
 10775 | D:7      | XOM: give mutations
 10775 | D:7      | Lost mutation: Your mind is acute. (Int +2) [Xom's
                  | mischief]
 10775 | D:7      | Gained mutation: You occasionally shout uncontrollably at
                  | your foes. [Xom's mischief]
 10830 | D:3      | Noticed Natasha
 10834 | D:3      | Killed Natasha
 10861 | D:1      | Bought a book of Blood for 392 gold pieces
 10863 | D:1      | Learned a level 1 spell: Sting
 10866 | D:1      | Learned a level 2 spell: Wereblood
 11093 | Lair:1   | XOM: stat loss: -1 Dex (14/15)
 11100 | Lair:1   | XOM: summons 2 hostile demons
 11103 | Lair:1   | XOM: give mutations
 11103 | Lair:1   | Lost mutation: You occasionally shout uncontrollably at
                  | your foes. [Xom's mischief]
 11103 | Lair:1   | Gained mutation: You sometimes lose the ability to read
                  | scrolls when taking damage. [Xom's mischief]
 11343 | Lair:3   | XOM: summons friendly quasit
 11437 | Lair:3   | XOM: enchant monster (good)
 11439 | Lair:3   | XOM: cleaving
 11717 | Lair:3   | XOM: noise
 11728 | Lair:4   | Noticed an eight-headed hydra
 11744 | Lair:3   | Killed a one-headed hydra
 11781 | Lair:4   | Noticed a death yak
 11782 | Lair:4   | Noticed a death yak
 11782 | Lair:4   | Noticed a death yak
 11792 | Lair:4   | Killed a death yak
 11794 | Lair:4   | Killed a death yak
 11795 | Lair:4   | Reached XP level 13. HP: 113/123 MP: 12/12
 11830 | Lair:4   | Found a staircase to the Shoals.
 11847 | Lair:4   | Reached skill level 5 in Shields
 11851 | Lair:4   | XOM: blink monster(s)
 11974 | Lair:4   | Found a frozen archway.
 11989 | IceCv    | Entered an ice cave
 12005 | IceCv    | Reached skill level 15 in Unarmed Combat
 12044 | IceCv    | XOM: summons friendly quasit
 12079 | IceCv    | Learned a level 1 spell: Apportation
 12158 | IceCv    | Reached skill level 1 in Transmutations
 12331 | IceCv    | XOM: summons 5 friendly demons
 12336 | IceCv    | XOM: swap monsters
 12338 | IceCv    | XOM: polymorph crimson imp -> iron imp
 12376 | IceCv    | Noticed a frost giant
 12379 | IceCv    | Reached skill level 1 in Spellcasting
 12400 | IceCv    | Killed a frost giant
 12635 | Lair:4   | XOM: confusion
 12643 | Lair:4   | XOM: scenery: create altars
 12736 | Lair:4   | XOM: confusion
 13185 | Lair:5   | XOM: scenery: create altars
 13359 | Lair:5   | XOM: scenery: 3 fountains blood, 1 doors open
 13372 | Lair:5   | XOM: draining
 13460 | Lair:5   | XOM: give mutation
 13460 | Lair:5   | Gained mutation: You are weak. (Str -2) [Xom's mischief]
 13819 | Lair:5   | Reached XP level 14. HP: 127/128 MP: 15/15
 14119 | Lair:5   | Lost mutation: You heal very quickly. [potion of mutation]
 14119 | Lair:5   | Lost mutation: Your flesh is cold resistant. (rC+) [potion
                  | of mutation]
 14119 | Lair:5   | Gained mutation: You have a pair of small antennae on your
                  | head. [potion of mutation]
 14145 | Lair:5   | XOM: summons friendly ufetubus
 14167 | Lair:6   | Entered Level 6 of the Lair of Beasts
 14259 | Lair:6   | Found a transporter.
 14261 | Lair:6   | Noticed Qiur's ghost (journeyman DECj)
 14271 | Lair:6   | XOM: give mutations
 14271 | Lair:6   | Gained mutation: Your mind is acute. (Int +2) [Xom's grace]
 14271 | Lair:6   | Gained mutation: Your mind is very acute. (Int +4) [Xom's
                  | grace]
 14272 | Lair:6   | Found a transporter.
 14295 | Lair:6   | XOM: cast spell 'Summon Hydra'
 14431 | Lair:6   | XOM: divination: detect creatures
 14437 | Lair:6   | Reached skill level 16 in Unarmed Combat
 14460 | Lair:6   | XOM: give mutations
 14460 | Lair:6   | Lost mutation: Your mind is very acute. (Int +4) [Xom's
                  | mischief]
 14460 | Lair:6   | Lost mutation: You are agile. (Dex +2) [Xom's mischief]
 14460 | Lair:6   | Gained mutation: You expend magic power (3 MP) to
                  | strengthen your wands. [Xom's mischief]
 14460 | Lair:6   | Gained mutation: You are frail. (-10% HP) [Xom's mischief]
 14510 | Lair:6   | Found a staircase to the Slime Pits.
 14539 | Lair:6   | XOM: confusion (+ monsters)
 14559 | Lair:6   | XOM: swap monsters
 14560 | Lair:6   | XOM: summons 5 friendly demons
 14703 | Lair:6   | XOM: swap monsters
 14707 | Lair:6   | XOM: enchant monster (bad)
 14738 | Lair:6   | XOM: enchant monster (good)
 14917 | Lair:6   | XOM: give mutation
 14917 | Lair:6   | Gained mutation: Your body sometimes deteriorates upon
                  | taking damage. [Xom's mischief]
 14931 | Lair:6   | XOM: noise
 14987 | Lair:6   | Identified the +10 lajatang "Gehoubeh" {holy, rN+ Str+3}
 15050 | Lair:6   | Identified 3 scrolls of acquirement
 15050 | Lair:6   | Acquired 759 gold pieces
 15121 | Lair:6   | XOM: potion effect (brilliance)
 15143 | Lair:6   | XOM: confuse monster(s)
 15171 | Lair:6   | XOM: potion effect (haste)
 15300 | Lair:6   | Learned a level 1 spell: Animate Skeleton
 15300 | Lair:6   | Found a runed translucent door.
 15310 | Lair:6   | XOM: cast spell 'Olgreb's Toxic Radiance'
 15312 | Lair:6   | XOM: enchant monster (good)
 15366 | Lair:6   | XOM: scenery: 1 doors close
 15392 | Lair:6   | XOM: confuse monster(s)
 15405 | Lair:6   | XOM: scenery: create altars
 15433 | Lair:6   | XOM: torment (63/123 hp)
 15520 | Lair:6   | XOM: potion effect (brilliance)
 15575 | Lair:6   | XOM: divination: magic mapping
 15578 | Lair:6   | XOM: polymorph torpor snail -> wolf spider
 15579 | Lair:6   | XOM: blink monster(s)
 15582 | Lair:6   | XOM: summons friendly quasit
 15592 | Lair:6   | XOM: give mutations
 15592 | Lair:6   | Lost mutation: Your mind is acute. (Int +2) [Xom's
                  | mischief]
 15592 | Lair:6   | Lost mutation: You have large cloven feet. [Xom's mischief]
 15592 | Lair:6   | Gained mutation: You have sharp toenails. [Xom's mischief]
 15592 | Lair:6   | Lost mutation: You are frail. (-10% HP) [Xom's mischief]
 15965 | Lair:6   | XOM: summons 4 hostile shadow creatures
 15976 | Lair:6   | XOM: give mutations
 15976 | Lair:6   | Gained mutation: Your body often deteriorates upon taking
                  | damage. [Xom's mischief]
 15976 | Lair:6   | Gained mutation: Armour fits poorly on your strangely
                  | shaped body. [Xom's mischief]
 15976 | Lair:6   | Lost mutation: Your system is resistant to poisons. (rPois)
                  | [Xom's mischief]
 15976 | Lair:6   | Gained mutation: You are occasionally teleported next to
                  | monsters. [Xom's mischief]
 16003 | Lair:6   | Lost mutation: You are weak. (Str -2) [potion of mutation]
 16003 | Lair:6   | Lost mutation: Your spells are a little harder to cast, but
                  | a little more powerful. [potion of mutation]
 16003 | Lair:6   | Lost mutation: You have a pair of small antennae on your
                  | head. [potion of mutation]
 16003 | Lair:6   | Gained mutation: You passively dampen the noise of your
                  | surroundings. [potion of mutation]
 16003 | Lair:6   | Gained mutation: You are clumsy. (Dex -2) [potion of
                  | mutation]
 16004 | Lair:6   | Lost mutation: You are clumsy. (Dex -2) [potion of
                  | mutation]
 16004 | Lair:6   | Lost mutation: You passively dampen the noise of your
                  | surroundings. [potion of mutation]
 16004 | Lair:6   | Gained mutation: You heal very quickly. [potion of
                  | mutation]
 16004 | Lair:6   | Lost mutation: Armour fits poorly on your strangely shaped
                  | body. [potion of mutation]
 16004 | Lair:6   | Gained mutation: You have a pair of small horns on your
                  | head. [potion of mutation]
 16169 | Orc:1    | Entered Level 1 of the Orcish Mines
 16173 | Orc:1    | Noticed Erolcha
 16185 | Orc:1    | Lost mutation: You heal very quickly. [potion of mutation]
 16185 | Orc:1    | Lost mutation: Your body often deteriorates upon taking
                  | damage. [potion of mutation]
 16185 | Orc:1    | Gained mutation: You are partially covered in iridescent
                  | scales. (AC +2) [potion of mutation]
 16185 | Orc:1    | Gained mutation: You possess an exceptional clarity of
                  | mind. [potion of mutation]
 16234 | Orc:1    | Killed Erolcha
 16369 | Orc:1    | XOM: chaos cloud
 16372 | Orc:1    | Paralysed by you for 7 turns
 16826 | Orc:2    | Entered Level 2 of the Orcish Mines
 16874 | Orc:2    | Noticed an orc warlord
 16885 | Orc:2    | Upgraded the game from 0.29-a0-233-g1125b37a9b to
                  | 0.29-a0-234-g0dae59b3db
 16889 | Orc:2    | Killed an orc warlord
 16890 | Orc:2    | Reached XP level 15. HP: 144/144 MP: 19/19
 16913 | Orc:2    | Noticed Josephine
 16916 | Orc:2    | Killed Josephine
 16964 | Orc:1    | XOM: noise
 17067 | Orc:2    | Found a staircase to the Elven Halls.
 17189 | Orc:2    | XOM: swap monsters
 17205 | Orc:2    | XOM: summons 2 hostile shadow creatures
 17249 | Orc:2    | XOM: silly message
 17316 | Orc:2    | XOM: summons 2 hostile demons
 17412 | Orc:2    | Found Wahytt's Firing Range.
 17427 | Orc:2    | Bought 4 boomerangs for 26 gold pieces
 17427 | Orc:2    | Bought a throwing net for 39 gold pieces
 17427 | Orc:2    | Bought a throwing net for 39 gold pieces
 17427 | Orc:2    | Bought 3 large rocks for 27 gold pieces
 17427 | Orc:2    | Bought 4 boomerangs for 26 gold pieces
 17476 | Orc:2    | Found Pirumpor's Magic Scroll Boutique.
 17476 | Orc:2    | Found Wiudeim's Antique Armour Shop.
 17476 | Orc:2    | Found Gune's Armour Shop.
 17476 | Orc:2    | Found Noirghie's Antique Armour Boutique.
 17496 | Orc:2    | Bought a scroll of silence for 105 gold pieces
 17500 | Orc:2    | Bought a glowing cloak for 195 gold pieces
 17508 | Orc:2    | Bought runed shadow dragon scales for 1909 gold pieces
 17537 | Orc:2    | Bought a scroll of enchant armour for 105 gold pieces
 17537 | Orc:2    | Bought a scroll of identify for 28 gold pieces
 17537 | Orc:2    | Bought a scroll of identify for 28 gold pieces
 17846 | Orc:2    | Acquired 987 gold pieces
 17848 | Orc:2    | Acquired a manual of Throwing
 18116 | D:11     | Lost mutation: You have a pair of small horns on your head.
                  | [potion of mutation]
 18116 | D:11     | Lost mutation: You are partially covered in iridescent
                  | scales. (AC +2) [potion of mutation]
 18116 | D:11     | Gained mutation: You are weak. (Str -2) [potion of
                  | mutation]
 18116 | D:11     | Gained mutation: You are partially covered in iridescent
                  | scales. (AC +2) [potion of mutation]
 18175 | D:11     | Found a bloodstained altar of Trog.
 18303 | D:11     | Killed Lodul the black bear
 18724 | D:1      | Bought 4 javelins for 41 gold pieces
 18757 | D:1      | Bought a scroll of blinking for 82 gold pieces
 18985 | D:12     | Reached skill level 17 in Unarmed Combat
 18985 | D:12     | XOM: destruction
 18992 | D:12     | XOM: chaos upgrade
 19005 | D:12     | XOM: swap monsters
 19024 | D:12     | Lost mutation: You have sharp toenails. [potion of
                  | mutation]
 19024 | D:12     | Lost mutation: You are weak. (Str -2) [potion of mutation]
 19024 | D:12     | Lost mutation: You expend magic power (3 MP) to strengthen
                  | your wands. [potion of mutation]
 19024 | D:12     | Gained mutation: You are mostly covered in iridescent
                  | scales. (AC +4) [potion of mutation]
 19100 | D:12     | Reached skill level 5 in Armour
 19111 | D:12     | Reached skill level 10 in Throwing
 19297 | D:12     | XOM: noise
 19882 | D:14     | XOM: draining
 19883 | D:14     | XOM: give mutations
 19883 | D:14     | Gained mutation: You are weak. (Str -2) [Xom's mischief]
 19883 | D:14     | Gained mutation: You are frail. (-10% HP) [Xom's mischief]
 19883 | D:14     | Gained mutation: You are very frail. (-20% HP) [Xom's
                  | mischief]
 19883 | D:14     | Gained mutation: You are completely covered in iridescent
                  | scales. (AC +6) [Xom's mischief]
 19989 | D:14     | XOM: chaos upgrade
 19992 | D:14     | XOM: butterfly on damage
 20071 | D:14     | XOM: summons friendly quasit
 20145 | D:14     | Found a gate to the Vaults.
 20155 | D:14     | XOM: give mutations
 20155 | D:14     | Gained mutation: Your flesh is cold resistant. (rC+) [Xom's
                  | grace]
 20155 | D:14     | Gained mutation: You are strong-willed. (Will+) [Xom's
                  | grace]
 20155 | D:14     | Gained mutation: Your spells are a little harder to cast,
                  | but a little more powerful. [Xom's grace]
 20155 | D:14     | Gained mutation: Your spells are harder to cast, but more
                  | powerful. [Xom's grace]
 20446 | D:14     | XOM: summons friendly crimson imp
 20465 | D:14     | XOM: enchant monster (bad)
 20545 | D:14     | XOM: god gift: 45 gold pieces
 20550 | D:14     | XOM: divination: magic mapping
 20555 | D:14     | XOM: scenery: create altars
 20561 | D:14     | XOM: blink monster(s)
 20734 | D:14     | XOM: silly message
 20753 | D:14     | Found a shimmering altar of Xom.
 20753 | D:14     | XOM: swap monsters
 21100 | Shoals:1 | Entered Level 1 of the Shoals
 21114 | Shoals:1 | Reached XP level 16. HP: 68/124 MP: 20/20
 21119 | Shoals:1 | XOM: 1-stop teleportation journey
 21122 | Shoals:1 | XOM: smoke on damage
 21158 | Shoals:1 | XOM: 1-stop teleportation journey
 21173 | Shoals:1 | XOM: 1-stop teleportation journey
 21179 | Shoals:1 | XOM: polymorph harpy -> yaktaur
 21187 | Shoals:1 | XOM: draining
 21294 | Shoals:1 | XOM: noise
 21790 | Shoals:2 | XOM: confuse monster(s)
 21806 | Shoals:2 | Noticed a kraken
 21946 | Shoals:2 | Reached skill level 1 in Stealth
 22063 | Shoals:2 | Found Hucwih's Book Shop.
 22063 | Shoals:2 | XOM: polymorph merfolk siren -> yaktaur
 22090 | Shoals:2 | Acquired 435 gold pieces
 22149 | Shoals:2 | Found a runed translucent door.
 22160 | Shoals:2 | XOM: summons friendly quasit
 22204 | Shoals:2 | Killed a kraken
 22523 | Shoals:2 | XOM: enchant monster (good)
 22538 | Shoals:2 | XOM: summons 14 friendly demons
 22556 | Shoals:2 | XOM: cleaving
 22570 | Shoals:2 | HP: 3/125 [alligator snapping turtle (18)]
 22739 | Shoals:3 | Found Umobleoz's Assorted Antiques.
 22751 | Shoals:3 | Bought a potion of heal wounds for 160 gold pieces
 22751 | Shoals:3 | Bought a phial of floods for 1280 gold pieces
 23143 | Shoals:3 | XOM: 3-stop teleportation journey
 23157 | Shoals:4 | Entered Level 4 of the Shoals
 23176 | Shoals:4 | Identified the ring "Atizitus" {rF+ Will+ SInv}
 23197 | Shoals:4 | Noticed Polyphemus
 23197 | Shoals:4 | XOM: 1-stop teleportation journey
 23210 | Shoals:4 | XOM: chaos upgrade
 23231 | Shoals:4 | Reached skill level 18 in Unarmed Combat
 23298 | Shoals:4 | Noticed Nikola
 23298 | Shoals:4 | XOM: butterfly on damage
 23311 | Shoals:4 | XOM: chaos cloud
 23345 | Shoals:3 | XOM: smoke on damage
 23432 | Shoals:4 | XOM: blink monster(s)
 23433 | Shoals:4 | XOM: cast spell 'Cause Fear'
 23441 | Shoals:3 | XOM: cast spell 'Olgreb's Toxic Radiance'
 23542 | Shoals:4 | XOM: cast spell 'Alistair's Intoxication'
 23626 | Shoals:4 | Found Nyoffoa's Armour Shop.
 23661 | Shoals:4 | XOM: silly message
 23718 | Shoals:4 | XOM: enchant monster (bad)
 23718 | Shoals:4 | Slain by an alligator snapping turtle

Illustrated notes

Levels and vault maps discovered:
D:1:      mrwooster_arrival_statue_2, layout_basic, serial_shops, shop,
          shop_coins, nicolae_shop_temple_entry_statues_fountains,
          nicolae_shop_bloodbath_and_beyond
D:2:      layout_basic, shapermc_ecumenical_altar_flowoftime, minmay_lizard_king
D:3:      layout_rooms, nicolae_overflow_hallway_of_the_gods, lemuel_tele_altar,
          hellmonk_ghost_happy_afterlife, corexii_corridor_pit, uniq_natasha
D:4:      corexii_shack_village, layout_rooms, mainiacjoe_overflow_alcove_1,
          mainiacjoe_overflow_catwalk, gammafunk_ghost_grave,
          minmay_strange_pillars, minmay_misc_feat_roman
D:5:      minmay_goblin_kobold_castle, layout_basic,
          minmay_temple_entry_butterflies, uniq_pikel
D:6:      layout_rooms, nicolae_tso_carved_into_rock, lemuel_flame_loot_1
D:7:      layout_basic
D:8:      layout_loops_corners, mainiacjoe_overflow_alcove_3,
          doesnt_shop_hydraphobe
D:9:      layout_loops_corners, enter_bailey_1, hangedman_decor_clover_reticule
D:10:     layout_roguey, dpeg_oklobed_lair, david_orc_5,
          kb_lookout_dungeons_type, hex_tiny, uniq_maurice
D:11:     layout_irregular_city, trog_butcher_becter, uniq_lodul
D:12:     layout_rooms
D:13:     layout_cave_pools
D:14:     layout_gridville, erik_vaults_1, hangedman_abyss_or_decor_stabs,
          abandoned_shop, xom_confusion_cloud
Temple:   compressed_dpeg_triangle_lava_temple
Lair:1:   layout_misc_corridors, serial_bayou_shore_b,
          infiniplex_staircase_pool, uniq_gastronok, uniq_fannar
Lair:2:   layout_cave_pods, basic_altar
Lair:3:   layout_roguey, guppyfry_snake_entry_island, minivault_27,
          beast_lair_carwin_2, serial_bayou_shore_a
Lair:4:   layout_hall_layers, minmay_shoals_entry_hut, portal_ice_cave_rime,
          lemuel_fruit_tree
Lair:5:   dpeg_oklob_gauntlet, layout_cave_pods, serial_bayou_pond_c,
          grunt_megastairs_3
Lair:6:   wormcave, layout_layer_cave, hangedman_lair_in_review,
          minmay_slime_entry_pillars, gammafunk_ghost_arena,
          nicolae_quartered_pool_medium, chequers_serial_rivers_room_b
Shoals:1: layout_shoals, yaktaur_hedge
Shoals:2: layout_shoals, serial_shops, shop, lightli_airlock
Shoals:3: layout_shoals, serial_shops, nicolae_shop_overgrown_old_shop,
          nicolae_shoals_water_elemental_grotto
Shoals:4: shoals_end_grunt_ice, layout_shoals, serial_shops, shop,
          nicolae_shoals_isolated_beach, uniq_kirke, uniq_nikola,
          uniq_polyphemus
Orc:1:    nicolae_orc_accident_1, layout_caves, uniq_erolcha
Orc:2:    st_orc_mages, layout_caves, nicolae_shop_firing_range, uniq_josephine

Skill      XL: |  1  2  3  4  5  6  7  8  9 10 11 12 13 14 15 16 |
---------------+-------------------------------------------------+-----
Dodging        | 2 3 4 5 6 7 8 |  8.6
Unarmed Combat | 4 5 6 7 9 11 12 13 14 15 16 17 18 | 18.1
Throwing       | 1 2 3 4 5 6 7 8 9 11 12 | 12.8
Fighting       | 3 5 6 7 8 9 |  9.9
Evocations     | 1 2 3 4 |  4.5
Shields        | 1 2 4 6 7 8 9 |  9.0
Armour         | 1 3 4 6 7 |  7.1
Slings         | 1 |  1.1
Transmutations | 2 3 4 |  4.3
Spellcasting   | 1 3 |  3.8
Stealth        | 1 |  1.5
Translocations | |  0.3

Action                   |  1- 3 |  4- 6 |  7- 9 | 10-12 | 13-15 | 16-18 || total
-------------------------+-------+-------+-------+-------+-------+-------++-------
Melee: Unarmed           |   128 |   147 |   233 |   483 |  1066 |   389 ||  2446
       Punch             |     3 |     7 |    11 |    15 |       |       ||    36
       Short sword       |       |       |     7 |       |       |       ||     7
       Kick              |       |       |       |    47 |   336 |       ||   383
       Falchion          |       |       |       |    13 |    32 |       ||    45
       Headbutt          |       |       |       |       |    42 |       ||    42
 Fire: Hunting sling     |       |       |     6 |    17 |       |       ||    23
Throw: Stone             |    20 |    21 |    12 |       |     5 |       ||    58
       Boomerang         |     1 |     5 |    12 |    47 |   118 |    51 ||   234
       Dart              |       |     5 |    40 |    62 |   122 |     8 ||   237
       Large rock        |       |       |       |       |    24 |    43 ||    67
       Javelin           |       |       |       |       |    16 |     8 ||    24
       Throwing net      |       |       |       |       |       |     2 ||     2
 Cast: Wereblood         |       |       |       |       |    20 |       ||    20
       Apportation       |       |       |       |       |     3 |       ||     3
       Animate Skeleton  |       |       |       |       |     3 |       ||     3
       Sting             |       |       |       |       |     3 |       ||     3
Evoke: Wand              |       |     3 |     5 |     5 |    28 |    18 ||    59
       Lightning rod     |       |       |       |     9 |    15 |     5 ||    29
       Condenser vane    |       |       |       |       |     4 |     1 ||     5
  Use: Scroll            |     3 |     2 |     9 |    10 |    15 |     8 ||    47
       Potion            |       |     1 |       |     3 |    11 |     9 ||    24
 Stab: Sleeping          |       |     1 |       |     1 |       |     4 ||     6
       Distracted        |       |       |     1 |       |     1 |       ||     2
       Invisible         |       |       |       |     5 |     1 |       ||     6
       Confused          |       |       |       |     3 |     3 |     2 ||     8
       Petrified         |       |       |       |       |     4 |       ||     4
       Paralysed         |       |       |       |       |     1 |     1 ||     2
Armor: Robe              |    64 |    44 |    54 |       |       |       ||   162
       Troll leather arm |       |       |     6 |    77 |   120 |       ||   203
       Skin              |       |       |       |       |    14 |       ||    14
       Shadow dragon sca |       |       |       |       |   106 |   127 ||   233
Dodge: Dodged            |    83 |    62 |   144 |   181 |   324 |   114 ||   908
Block: Other             |       |       |    31 |     7 |       |       ||    38
       Reflection        |       |       |     1 |     3 |    52 |    18 ||    74
       Kite shield       |       |       |       |   213 |   754 |   263 ||  1230

Table legend: (Time is in decaauts)
 A = Elapsed time spent in this place.
 B = Non-inter-level travel time spent in this place.
 C = Inter-level travel time spent in this place.
 D = Time resting spent in this place.
 E = Time spent auto-exploring this place.
 F = Levels seen in this place.
 G = Mean time per level.
                   A        B        C        D        E       F      G
               +--------+--------+--------+--------+--------+-----+--------+
         Total |  24395 |  22127 |   2268 |    301 |  13307 |  29 |  841.2 |
       Dungeon |  12053 |  10592 |   1461 |     40 |   7190 |  14 |  860.9 |
        Temple |     53 |     53 |      0 |      0 |      0 |   1 |   53.0 |
          Lair |   7059 |   6569 |    490 |     66 |   4014 |   6 | 1176.5 |
        Shoals |   2696 |   2462 |    234 |    176 |   1063 |   4 |  674.0 |
  Orcish Mines |   1808 |   1726 |     82 |      9 |    900 |   2 |  904.0 |
        Bailey |    167 |    167 |      0 |      0 |     32 |   1 |  167.0 |
      Ice Cave |    557 |    557 |      0 |     10 |    105 |   1 |  557.0 |
               +--------+--------+--------+--------+--------+-----+--------+

Top non-repeatable levels by time:
  Lair:6: 1913 daAuts
     D:5: 1271 daAuts
  Lair:5: 1197 daAuts
     D:7: 1183 daAuts
     D:9: 1085 daAuts
  Lair:1: 1079 daAuts
   Orc:2: 1039 daAuts
     D:8: 1021 daAuts
    D:14: 1017 daAuts
  Lair:2: 1012 daAuts
    D:10: 1011 daAuts
  Lair:3: 970 daAuts
Shoals:2: 934 daAuts
     D:2: 904 daAuts
  Lair:4: 885 daAuts
